 Dungeon Crawl Stone Soup version 0.30.1-9-gdf580d7c3d (webtiles) character file.

Game seed: 7656351771991552664

1582667 LordWeiramon the Imperceptible (level 27, 199/199 HPs)
             Began as a Kobold Fighter on Oct 2, 2023.
             Was the Champion of Ashenzari.
             Escaped with the Orb
             ... and 3 runes!
             The game lasted 07:08:42 (78929 turns).

LordWeiramon the Imperceptible (Kobold Fighter)    Turns: 78929, Time: 07:08:43

Health: 199/199    AC: 36    Str: 16    XL:     27
Magic:  31/31      EV: 39    Int: 10    God:    Ashenzari [******]
Gold:   6042       SH: 28    Dex: 24    Spells: 35/43 levels left

rFire   + . .        a - +9 rapier "Thunder Perfect Mind" {protect, Fort, Evo} (curse)
rCold   + . .        c - +5 kite shield "Revealing Augurer" {rF+, Bglg, Fort} (curse)
rNeg    + . .        t - +6 acid dragon scales of the Elysian Seer {rCorr, Fort, Cun} (curse)
rPois   +            l - +2 helmet of the Sublime Sage {SInv, Elem, Bglg} (curse)
rElec   +            Q - +2 cloak of the Manifest Comet {Rampage rElec rC+ Stlth+, Melee, Fort} (curse)
rCorr   +            s - +2 pair of gloves "Share My Loss" {Elem, Alch} (curse)
SInv    +            T - +2 pair of boots of Desmomancy {Fort, Self} (curse)
Will    ++++.        K - amulet of the Restrained Seer {Reflect SH+5, Fort, Melee} (curse)
Stlth   ++++         Z - ring "Share My Burden" {rElec rN+ Will+ Str+3, Cun, Fort} (curse)
HPRegen 1.33/turn    S - ring of the Lashed Doubts {rPois, Evo, Elem} (curse)
MPRegen 0.22/turn

%: reflection, clarity, rampage
@: hasted, studying 2 skills, very quick
A: small, no large weapons, nightstalker 3, iridescent scales 1, clumsy 1, low
MP 1, strong-willed 1, regeneration 1, weak 1
0: Orb of Zot
}: 3/15 runes: serpentine, barnacled, silver
a: Renounce Religion, Shatter the Chains


You escaped.
You worshipped Ashenzari.
Ashenzari was exalted by your worship.
You visited 11 branches of the dungeon, and saw 51 of its levels.
You also visited: Sewer, Ossuary and Ice Cave.

You collected 7913 gold pieces.
You spent 1871 gold pieces at shops.

Inventory:

Hand Weapons
 a - the cursed +9 rapier "Thunder Perfect Mind" (weapon) {protect, Fort, Evo}
   (You found it on level 5 of the Lair of Beasts)

   It has a curse which improves the following skills: Fortitude: Armour and
   Shields.
   Evocations: Evocations.
Missiles
 C - 36 poisoned darts (quivered)
 F - 5 throwing nets
 W - 6 curare-tipped darts
Armour
 c - the cursed +5 kite shield "Revealing Augurer" (worn) {rF+, Bglg, Fort}
   (You took it off a naga warrior on level 2 of the Snake Pit)

   It has a curse which improves the following skills: Beguiling: Conjurations,
   Hexes and Translocations.
   Fortitude: Armour and Shields.
 l - the cursed +2 helmet of the Sublime Sage (worn) {SInv, Elem, Bglg}
   (You found it on level 4 of the Snake Pit)

   It has a curse which improves the following skills: Elements: Fire Magic, Ice
   Magic, Air Magic and Earth Magic.
   Beguiling: Conjurations, Hexes and Translocations.
 s - the cursed +2 pair of gloves "Share My Loss" (worn) {Elem, Alch}
   (You found it on level 2 of the Depths)

   It has a curse which improves the following skills: Elements: Fire Magic, Ice
   Magic, Air Magic and Earth Magic.
   Alchemy:   Poison Magic and Transmutations.
 t - the cursed +6 acid dragon scales of the Elysian Seer (worn) {rCorr, Fort, Cun}
   (You found it on level 14 of the Dungeon)

   rCorr:     It protects you from acid and corrosion.
   It has a curse which improves the following skills: Fortitude: Armour and
   Shields.
   Cunning:   Dodging and Stealth.
 Q - the cursed +2 cloak of the Manifest Comet (worn) {Rampage rElec rC+ Stlth+, Melee, Fort}
   (You acquired it on level 2 of the Depths)

   rC:        It protects you from cold.
   rElec:     It insulates you from electricity.
   Rampage:   It bestows one free step when moving towards enemies.
   Stlth:     It makes you more stealthy.
   It has a curse which improves the following skills: Melee Combat: Short
   Blades, Long Blades, Axes, Maces & Flails, Polearms, Staves and Unarmed
   Combat.
   Fortitude: Armour and Shields.
 T - the cursed +2 pair of boots of Desmomancy (worn) {Fort, Self}
   (You found it on level 3 of the Elven Halls)

   It has a curse which improves the following skills: Fortitude: Armour and
   Shields.
   Introspection: Fighting and Spellcasting.
Jewellery
 i - a ring of flight
 u - the ring "Ojobb" {rPois rF- rN+++ Str+3 Dex+2}
   (You found it on level 5 of the Vaults)

   [ring of poison resistance]

   Str:       It affects your strength (+3).
   Dex:       It affects your dexterity (+2).
   rF:        It makes you vulnerable to fire.
   rPois:     It protects you from poison.
   rN:        It renders you almost immune to negative energy.
 K - the cursed amulet of the Restrained Seer (around neck) {Reflect SH+5, Fort, Melee}
   (You found it in an ossuary)

   [amulet of reflection]

   It reflects blocked missile attacks.
   SH:        It affects your SH (+5).
   It has a curse which improves the following skills: Fortitude: Armour and
   Shields.
   Melee Combat: Short Blades, Long Blades, Axes, Maces & Flails, Polearms,
   Staves and Unarmed Combat.
 M - the ring "Moveps" {rF+ Dex+5}
   (You found it on level 1 of the Orcish Mines)

   [ring of protection from fire]

   Dex:       It affects your dexterity (+5).
   rF:        It protects you from fire.
 S - the cursed ring of the Lashed Doubts (right hand) {rPois, Evo, Elem}
   (You found it on level 15 of the Dungeon)

   [ring of poison resistance]

   rPois:     It protects you from poison.
   It has a curse which improves the following skills: Evocations: Evocations.
   Elements:  Fire Magic, Ice Magic, Air Magic and Earth Magic.
 Z - the cursed ring "Share My Burden" (left hand) {rElec rN+ Will+ Str+3, Cun, Fort}
   (You took it off a deep elf zephyrmancer on level 3 of the Elven Halls)

   [ring of willpower]

   Str:       It affects your strength (+3).
   rElec:     It insulates you from electricity.
   rN:        It protects you from negative energy.
   Will:      It increases your willpower.
   It has a curse which improves the following skills: Cunning: Dodging and
   Stealth.
   Fortitude: Armour and Shields.
Wands
 b - a wand of flame (108)
 h - a wand of mindburst (50)
 j - a wand of digging (2)
 o - a wand of acid (33)
 B - a wand of polymorph (26)
 G - a wand of roots (64)
 N - a wand of charming (85)
Scrolls
 e - 15 scrolls of fog
 f - 23 scrolls of teleportation
 g - 3 scrolls of blinking
 m - 6 scrolls of amnesia
 w - 12 scrolls of magic mapping
 y - 13 scrolls of fear
 E - 7 scrolls of poison
 H - 3 scrolls of silence
 P - a scroll of enchant armour
 X - 4 scrolls of butterflies
Potions
 d - 12 potions of mutation
 k - 6 potions of brilliance
 n - 7 potions of cancellation
 p - 22 potions of curing
 q - 7 potions of heal wounds
 r - 11 potions of ambrosia
 v - 10 potions of magic
 x - 3 potions of haste
 I - 5 potions of attraction
 J - 10 potions of flight
 L - a potion of resistance
 O - 4 potions of might
 Y - 2 potions of invisibility
Miscellaneous
 z - a box of beasts
 A - a phial of floods
 R - a phantom mirror
 V - a lightning rod (4/4)


   Skills:
 - Level 25.6(27) Fighting
 - Level 25.8(27) Short Blades
 - Level 6.2 Throwing
 + Level 14.6(22.9) Armour
 - Level 25.5(27) Dodging
 - Level 26.0(27) Stealth
 + Level 14.3(22.6) Shields
 - Level 6.0(8.5) Spellcasting
 - Level 12.0(15.5) Hexes
 - Level 12.0(16.7) Air Magic
 - Level 3.3(6.4) Evocations


You had 35 spell levels left.
You knew the following spells:

 Your Spells              Type           Power      Damage    Failure   Level
a - Confusing Touch       Hex            35%        N/A       1%          3
s - Silence               Hex/Air        18%        N/A       1%          5

Your spell library contained the following spells:

 Spells                   Type           Power      Damage    Failure   Level
 Ensorcelled Hibernation  Hex/Ice        40%        N/A       1%          2
 Poisonous Vapours        Pois/Air       42%        N/A       1%          2
 Tukima's Dance           Hex            35%        N/A       1%          3
 Cause Fear               Hex            17%        N/A       1%          4
 Dazzling Flash           Conj/Hex       40%        N/A       2%          3
 Inner Flame              Hex/Fire       20%        N/A       2%          3
 Portal Projectile        Hex/Tloc       40%        N/A       2%          3
 Summon Guardian Golem    Hex/Summ       19%        N/A       2%          3
 Mephitic Cloud           Conj/Pois/Air  15%        N/A       6%          3
 Leda's Liquefaction      Hex/Erth       10%        N/A       8%          4
 Anguish                  Hex/Necr       9%         N/A       10%         4
 Apportation              Tloc           10%        N/A       19%         1
 Beastly Appendage        Tmut           8%         N/A       21%         1
 Kiss of Death            Conj/Necr      16%        2d6       21%         1
 Necrotise                Necr           16%        1d4       22%         1
 Summon Small Mammal      Summ           16%        N/A       22%         1
 Metabolic Englaciation   Hex/Ice        10%        N/A       22%         5
 Yara's Violent Unravell  Hex/Tmut       10%        3d6       24%         5
 Scorch                   Fire           10%        2d5       26%         2
 Summon Mana Viper        Hex/Summ       19%        N/A       26%         5
 Blink                    Tloc           10%        N/A       28%         2
 Wereblood                Tmut           4%         N/A       30%         2
 Enfeeble                 Hex            17%        N/A       32%         7
 Sublimation of Blood     Necr           4%         N/A       34%         2
 Ozocubu's Armour         Ice            5%         N/A       45%         3
 Volatile Blastmotes      Fire/Tloc      10%        2d10      47%         3
 Freezing Cloud           Conj/Ice/Air   8%         6-21      47%         5
 Spider Form              Tmut/Pois      4%         N/A       52%         3
 Call Canine Familiar     Summ           4%         N/A       56%         3
 Plasma Beam              Fire/Air       10%        2x1d23    67%         6
 Flame Wave               Conj/Fire      5%         2d5       87%         4
 Manifold Assault         Tloc           5%         N/A       88%         4
 Passage of Golubria      Tloc           5%         N/A       88%         4
 Petrify                  Tmut/Erth      5%         N/A       88%         4
 Olgreb's Toxic Radiance  Pois           4%         N/A       89%         4
 Summon Ice Beast         Ice/Summ       4%         N/A       89%         4
 Animate Dead             Necr           4%         N/A       92%         4
 Dispel Undead            Necr           4%         3d7       92%         4
 Discord                  Hex            17%        N/A       94%         8
 Agony                    Necr           4%         N/A       99%         5
 Alistair's Intoxication  Tmut/Pois      2%         N/A       99%         5
 Borgnjor's Vile Clutch   Necr/Erth      2%         N/A       99%         5
 Lee's Rapid Deconstruct  Erth           2%         3d5*      99%         5
 Summon Forest            Summ/Tloc      2%         N/A       99%         5
 Storm Form               Tmut/Air       10%        N/A       99%         7
 Death Channel            Necr           2%         N/A       100%        6
 Dispersal                Tloc           2%         N/A       100%        6
 Eringya's Noxious Bog    Tmut/Pois      2%         N/A       100%        6
 Simulacrum               Ice/Necr       2%         N/A       100%        6
 Statue Form              Tmut/Erth      3%         N/A       100%        6
 Summon Cactus Giant      Summ           2%         N/A       100%        6
 Dragon Form              Tmut           2%         N/A       100%        7
 Haunt                    Necr/Summ      2%         N/A       100%        7
 Orb of Destruction       Conj           2%         9d5       100%        7
 Spellforged Servitor     Conj/Summ      2%         N/A       100%        7
 Summon Hydra             Summ           2%         N/A       100%        7
 Borgnjor's Revivificati  Necr           2%         N/A       100%        8
 Disjunction              Tloc           2%         N/A       100%        8
 Ignition                 Fire           2%         3d3       100%        8
 Infestation              Necr           2%         N/A       100%        8
 Lehudib's Crystal Spear  Conj/Erth      2%         10d2      100%        8
 Necromutation            Tmut/Necr      2%         N/A       100%        8
 Chain Lightning          Conj/Air       10%        3d14      100%        9
 Death's Door             Necr           2%         N/A       100%        9
 Dragon's Call            Summ           2%         N/A       100%        9
 Fire Storm               Conj/Fire      2%         8d1       100%        9
 Shatter                  Erth           2%         3d6*      100%        9


Dungeon Overview and Level Annotations

Branches:
Dungeon (15/15)            Temple (1/1) D:6            Lair (5/5) D:9
 Shoals (4/4) Lair:2        Snake (4/4) Lair:3        Slime (0/5) Lair:5
    Orc (2/2) D:10            Elf (3/3) Orc:2        Vaults (5/5) D:14
  Crypt (3/3) Vaults:3       Tomb (0/3) Crypt:3      Depths (4/4) D:15
    Zot (5/5) Depths:4      Sewer (visited)         Ossuary (visited)
  IceCv (visited)

Altars:
Ashenzari
Cheibriados
Dithmenos
Elyvilon
Fedhas
Gozag
Hepliaklqana
Kikubaaqudgha
Makhleb
Nemelex Xobeh
Okawaru
Qazlal
Ru
Sif Muna
Trog
Uskayaw
Vehumet
Wu Jian
Xom
Yredelemnul
Zin
The Shining One
Jiyva

Shops:
Orc:1 *   Orc:2 =*(:   Snake:2 *[(*   Snake:3 =   Vaults:1 =   Depths:1 [
Depths:3 ?

Portals:
Hell: Depths:1 Depths:2 Depths:3 Depths:4
Abyss: Depths:1 Depths:2 Depths:3 Depths:4
Pandemonium: Depths:2
Ziggurat: Depths:3
Trove: D:11 (give 9 potions of haste)

Annotations:
Crypt:1 exclusion: sensed monster (detected)
Zot:1 2 transporters


Innate Abilities, Weirdness & Mutations

You are small and have problems with some larger weapons.
You are completely attuned to the shadows.
You are partially covered in iridescent scales. (AC +2)
You are clumsy. (Dex -2)
Your magical capacity is low. (-10% MP)
You are strong-willed. (Will+)
Your natural rate of healing is unusually fast.
You are weak. (Str -2)


Message History

Blink to where?
Press: ? - help, Dir - move target
As you read the scroll of blinking, it crumbles to dust.
Blink to where?
Press: ? - help, Dir - move target
As you read the scroll of blinking, it crumbles to dust.
You feel yourself speed up.
(D) Dungeon (T) Temple (L) Lair (A) Shoals (P) Snake Pit (M) Slime Pits (O) Orcish Mines (E) Elven Halls (V) Vaults (C) Crypt (W) Tomb (U) Depths (H) Hell (Z) Zot
Where to? (Enter - D:1 @ (x,y), ? - help)
A toenail golem comes into view.
You hit the toenail golem.
Your weapon exudes an aura of protection.
The toenail golem is lightly damaged.
You puncture the toenail golem!
The toenail golem is lightly damaged.
You block the toenail golem's attack.
You puncture the toenail golem!
The toenail golem is heavily damaged.
You impale the toenail golem!!
The toenail golem is severely damaged.
You block the toenail golem's attack.
You hit the toenail golem but do no damage.
The toenail golem is severely damaged.
You puncture the toenail golem!
The toenail golem is almost destroyed.
You hit the toenail golem but do no damage.
The toenail golem is almost destroyed.
You block the toenail golem's attack.
You puncture the toenail golem!
You destroy the toenail golem!
Aiming: Dig
Press: ? - help, Shift-Dir - straight line A rock wall.
This square is covered in magical glow.
The rock shatters into small pieces.
There is a staircase leading out of the dungeon here.
You have escaped!

..).# #.# ##.## ##'## #.# .####
#.# ####...# ##...## #.#
.######.#####......###.....## #..
...............#...##.......#####
..###.#######.....##.........####
......#ge†{{#.#####+.........+...
..###.#.≈≈≈{#.#...##.........####
..# #.#h≈≈≈{#'#...###.......## #
#.###.#e≈≈≈†#'..@.# ##.....## #
#.##..#.≈≈≈.#'#...# ##...## #
#.....#e≈≈≈.#.#...# ##'## #
#.##..#ee{.{#.###.# #.#####
#.###.#######..##.# #.#...# #.#
#..........##.# ##.#...### #.#
######.##..##.#####......[.## #.#
#.##...................† ..#
#.######.####.........##


There were no monsters in sight!

Vanquished Creatures
  A dread lich (Vaults:5)
  7 orbs of fire
  2 ancient liches
  Sojobo (Depths:2)
  Bai Suzhen (Vaults:3)
  2 Killer Klowns
  Frederick (Crypt:3)
  Xtahua (Crypt:3)
  Margery (Crypt:3)
  4 curse toes
  Vashnia (Snake:2)
  8 golden dragons
  4 caustic shrikes (Depths:4)
  3 electric golems
  the Enchantress (Depths:1)
  2 doom hounds (Zot:2)
  3 hellephants (Depths:1)
  17 tentacled monstrosities
  Rupert (D:12)
  Jorgrun (Shoals:3)
  Mlioglotl (Snake:4)
  A walking crystal tome (Depths:2)
  7 liches
  2 deep elf blademasters (Elf:3)
  6 titans
  23 Orb Guardians
  Grunn (Zot:2)
  2 deep elf master archers (Elf:3)
  A kraken (Shoals:1)
  14 quicksilver dragons
  6 ancient champions
  15 death cobs
  16 shadow dragons
  7 sphinxes
  16 storm dragons
  The ghost of Huol the Warrior, an adept FoFi of Okawaru (Elf:2)
  12 draconian knights
  6 nagarajas
  8 tengu reavers
  Donald (Orc:2)
  9 draconian monks
  The ghost of Zujy the Severer, an adept DsFi of Okawaru (Depths:2)
  5 revenants
  5 fire giants
  5 draconian stormcallers
  3 deep elf sorcerers
  4 draconian scorchers
  6 frost giants
  An iron dragon (Vaults:5)
  Louise (Shoals:3)
  13 vault wardens
  5 ghouls
  3 curse skulls
  6 ghost moths
  12 draconian annihilators
  6 deep elf elementalists (Elf:3)
  2 cacodemons (Elf:2)
  3 orc warlords
  4 war gargoyles
  11 draconian shifters
  13 ironbound preservers
  19 very ugly things
  3 reapers
  A caustic shrike skeleton (Crypt:1)
  13 stone giants
  10 ironbound thunderhulks
  4 spriggan defenders
  Nessos (Orc:2)
  5 vampire knights
  15 red draconians
  4 deep elf demonologists (Elf:3)
  15 green draconians
  Azrael (Orc:2)
  8 purple draconians
  18 yellow draconians
  6 black draconians
  4 spark wasps (Depths:2)
  8 white draconians
  6 deep elf annihilators
  8 dire elephants
  4 eidola
  3 green deaths
  2 crystal guardians
  13 merfolk impalers
  Josephine (Orc:2)
  Snorg (Lair:4)
  An acid blob zombie (Crypt:2)
  12 deep elf death magi
  4 merfolk javelineers (Shoals:4)
  An ettin (shapeshifter) (Elf:1)
  8 fire dragons
  9 ettins
  2 entropy weavers
  19 jiangshi
  The ghost of Tyihal the Fighter, a journeyman DrRe of Yredelemnul (Orc:1)
  2 entropy weavers (shapeshifter) (Elf:2)
  4 great orbs of eyes (Vaults:2)
  4 deep elf high priests
  28 vault guards
  19 yaktaur captains
  7 hydras
  3 salamander tyrants (Snake:4)
  3 rakshasas
  8 ice dragons
  A fenstrider witch zombie (Crypt:1)
  5 peacekeepers
  2 ogre magi
  7 anacondas
  3 spriggan air magi
  8 ironbound frosthearts
  3 alligator snapping turtles
  4 catoblepae
  5 boulder beetles
  2 death knights (Crypt:1)
  9 two-headed ogres
  9 centaur warriors
  7 tengu warriors
  7 merfolk avatars
  7 merfolk aquamancers
  18 death yaks
  A two-headed ogre (shapeshifter) (Elf:2)
  4 satyrs
  2 deep troll shamans
  7 hell hogs (Depths:1)
  11 naga warriors
  Urug (D:14)
  5 deep troll earth magi
  7 orc high priests (Orc:2)
  5 spriggan berserkers
  8 vampire magi
  30 dancing weapons
  14 naga sharpshooters
  6 shock serpents
  17 deep elf knights
  12 hell knights
  A sun demon (Depths:3)
  5 iron trolls
  5 soul eaters
  8 skysharks
  3 shadow wraiths
  A sixfirhy (Depths:4)
  4 salamander mystics (Snake:4)
  10 sea snakes
  34 deep trolls
  A storm dragon skeleton (Crypt:3)
  A death drake (Snake:4)
  23 skeletal warriors
  A flayed ghost (Crypt:3)
  A fire crab (shapeshifter) (Elf:2)
  4 glowing orange brains
  2 glowing orange brains (shapeshifter) (Vaults:5)
  6 deep elf archers
  18 harpies
  6 naga ritualists
  8 necromancers
  23 ironbound convokers
  27 deep elf zephyrmancers
  10 wizards
  2 bog bodies
  An anaconda skeleton (Crypt:3)
  13 orc knights
  27 deep elf pyromancers
  9 lindwurms
  15 phantasmal warriors
  An iron dragon zombie (Crypt:1)
  A wolf spider (D:15)
  10 mana vipers
  4 orc sorcerers
  A tengu skeleton (Vaults:4)
  A stone giant zombie (Vaults:5)
  9 salamanders
  36 ugly things
  6 cyclopes
  22 fauns
  A toenail golem (D:1)
  A cyclops (shapeshifter) (Vaults:5)
  17 manticores
  3 frost giant skeletons
  31 black mambas
  30 moths of wrath
  2 elephants (shapeshifter) (Vaults:5)
  9 elephants
  12 water nymphs
  2 ice statues (IceCv)
  24 naga magi
  8 merfolk sirens
  22 vault sentinels
  5 guardian serpents
  A molten gargoyle (Depths:3)
  A torpor snail (Lair:2)
  A smoke demon (Depths:3)
  2 torpor snails (shapeshifter) (Vaults:5)
  A cane toad (shapeshifter) (Elf:1)
  6 komodo dragons
  10 cane toads
  2 gargoyles
  A shock serpent skeleton (Crypt:2)
  An efreet (D:15)
  A yaktaur zombie (Vaults:4)
  A kobold demonologist (D:13)
  2 rime drakes
  5 freezing wraiths
  4 anaconda simulacra (IceCv)
  6 tengu conjurers
  24 yaktaurs
  5 ice devils
  A pale draconian skeleton (Crypt:1)
  A mana viper zombie (Crypt:3)
  6 meliai
  18 merfolk
  8 trolls
  2 polar bears
  A queen bee (shapeshifter) (D:14)
  A troll (shapeshifter) (Elf:2)
  A harpy zombie (Crypt:1)
  A hydra zombie (Crypt:1)
  A tarantella (Vaults:4)
  9 hornets
  14 wind drakes
  7 blink frogs
  16 slime creatures
  14 snapping turtles
  10 dream sheep
  A flying skull (Crypt:3)
  11 air elementals
  A jumping spider (Snake:1)
  An ettin skeleton (Vaults:4)
  A vampire (D:10)
  A ynoxinul (Depths:2)
  An ice dragon skeleton (Crypt:2)
  A black mamba zombie (Crypt:1)
  A yak (shapeshifter) (Elf:2)
  47 yaks
  A dire elephant simulacrum (IceCv)
  2 shadows
  A spriggan (shapeshifter) (Elf:2)
  35 water elementals
  10 wraiths
  10 spriggans
  11 wyverns
  2 basilisks
  9 fire elementals
  A human (shapeshifter) (Elf:2)
  16 humans (D:14)
  A death yak simulacrum (IceCv)
  4 vampire mosquitoes (D:12)
  2 steam dragons
  A redback (shapeshifter) (Vaults:5)
  A chaos spawn (Depths:2)
  A glowing shapeshifter zombie (Vaults:4)
  9 redbacks
  Menkaure (D:5)
  A harpy simulacrum (IceCv)
  11 wargs
  A fire bat zombie (Crypt:3)
  An acid dragon (D:14)
  46 nagas
  12 water moccasins
  2 hell hounds (Orc:2)
  4 hydra simulacra (IceCv)
  27 orc warriors
  3 ice beasts
  3 sky beasts
  A black bear (D:6)
  A swamp dragon skeleton (Crypt:2)
  12 ogres
  A snapping turtle skeleton (Crypt:1)
  14 wolves
  3 boggarts (Vaults:1)
  11 centaurs
  A komodo dragon zombie (Crypt:3)
  A rime drake zombie (Crypt:2)
  7 necrophages
  3 kobold brigands
  A salamander zombie (Crypt:1)
  12 bullfrogs
  A gnoll sergeant (D:10)
  5 earth elementals
  A wyvern zombie (Crypt:3)
  15 scorpions
  A salamander skeleton (Crypt:3)
  2 killer bees (D:8)
  A troll zombie (Crypt:2)
  10 electric eels
  A raiju skeleton (Crypt:3)
  5 howler monkeys
  2 centaur zombies (Ossuary)
  A wolf skeleton (Crypt:1)
  A gnoll bouda (D:9)
  6 hounds
  4 jellies
  A bullfrog skeleton (Crypt:3)
  37 orc priests
  3 human zombies (Ossuary)
  Jessica (D:2)
  13 human skeletons
  12 orc wizards
  3 iguanas
  7 scorpion zombies (Ossuary)
  A deep dwarf zombie (Crypt:2)
  3 mummies (Ossuary)
  Robin (D:3)
  17 gnolls
  A howler monkey skeleton (Crypt:2)
  11 adders
  A naga simulacrum (IceCv)
  4 river rats (Sewer)
  3 white imps
  An ufetubus (D:6)
  2 iguana skeletons
  3 worms
  2 dart slugs (D:1)
  75 orcs
  7 endoplasms
  5 giant cockroaches
  2 gnoll zombies (Ossuary)
  18 goblins
  7 hobgoblins
  3 jackals (D:2)
  4 quokkas
  18 ball pythons
  12 bats
  2 frilled lizards
  A frilled lizard skeleton (Crypt:3)
  A gnoll skeleton (Crypt:1)
  A goblin zombie (Ossuary)
  18 kobolds
  2 kobold zombies (Ossuary)
  2 orc zombies (Ossuary)
  36 rats
  5 tentacles (Shoals:1)
2338 creatures vanquished.

Vanquished Creatures (collateral kills)
  A ghost moth (Zot:1)
1 creature vanquished.

Vanquished Creatures (others)
  A kraken (D:1)
  An octopode (D:1)
  A manticore (Shoals:3)
  A gargoyle (D:1)
  2 vine stalkers (D:1)
  An elf (D:1)
  A blink frog (shapeshifter) (Elf:2)
  A dream sheep (Shoals:2)
  A demigod (D:1)
  A felid (D:1)
  A killer bee (D:8)
  A gnoll (D:1)
  15 tentacles
28 creatures vanquished.

Grand Total: 2367 creatures vanquished

Notes
Turn   | Place    | Note
-------+----------+-------------------------------------------
     0 | D:1      | LordWeiramon the Kobold Fighter began the quest for the
                  | Orb.
     0 | D:1      | Reached XP level 1. HP: 14/14 MP: 1/1
     2 | D:1      | Noticed a vine stalker
     2 | D:1      | Noticed a felid
     2 | D:1      | Noticed a human
     2 | D:1      | Noticed a demonspawn
     2 | D:1      | Noticed a kraken
     2 | D:1      | Noticed an octopode
     2 | D:1      | Noticed a vine stalker
     2 | D:1      | Noticed a gargoyle
     3 | D:1      | Noticed an elf
     3 | D:1      | Noticed an elf
     7 | D:1      | Killed a gargoyle
     7 | D:1      | Noticed a demigod
     8 | D:1      | Killed an octopode
     8 | D:1      | Killed a demigod
     8 | D:1      | Noticed a felid
     9 | D:1      | Noticed a dwarf
     9 | D:1      | Noticed a ghoul
    10 | D:1      | Killed a felid
    10 | D:1      | Killed a vine stalker
    10 | D:1      | Killed a vine stalker
    15 | D:1      | Killed an elf
    15 | D:1      | Killed a kraken
    58 | D:1      | Noticed an elf
   134 | D:1      | Reached XP level 2. HP: 19/19 MP: 2/2
   354 | D:1      | Reached skill level 1 in Stealth
   439 | D:1      | Reached XP level 3. HP: 23/23 MP: 3/3
   508 | D:1      | Reached skill level 2 in Stealth
   679 | D:1      | Reached skill level 1 in Dodging
  1289 | D:2      | Found a shimmering blue altar of Sif Muna.
  1337 | D:2      | Noticed Jessica
  1344 | D:2      | Killed Jessica
  1345 | D:2      | Reached XP level 4. HP: 24/28 MP: 4/4
  1788 | D:2      | Found a faded altar of an unknown god.
  2161 | D:3      | Found a radiant altar of Vehumet.
  2198 | D:3      | Reached XP level 5. HP: 27/32 MP: 5/5
  2259 | D:3      | Found a glowing drain.
  2277 | D:3      | Reached skill level 5 in Short Blades
  2317 | Sewer    | Entered a sewer
  2756 | Sewer    | Reached skill level 3 in Stealth
  2756 | Sewer    | Reached XP level 6. HP: 19/37 MP: 6/6
  2889 | Sewer    | Reached skill level 4 in Stealth
  3167 | D:3      | Reached XP level 7. HP: 41/41 MP: 7/7
  3292 | D:3      | Noticed Robin
  3316 | D:3      | Killed Robin
  3317 | D:3      | Reached skill level 5 in Stealth
  3377 | D:3      | Found a burning altar of Makhleb.
  3427 | D:3      | Found an iron altar of Okawaru.
  3437 | D:3      | Learned a level 3 spell: Confusing Touch
  4126 | D:4      | Reached skill level 5 in Dodging
  4597 | D:5      | Entered Level 5 of the Dungeon
  4817 | D:5      | Reached skill level 5 in Fighting
  4980 | D:5      | Reached XP level 8. HP: 29/49 MP: 8/8
  5091 | D:5      | Noticed Menkaure
  5179 | D:5      | Reached skill level 6 in Stealth
  5190 | D:5      | Reached skill level 7 in Stealth
  5814 | D:6      | Noticed a +0 dagger
  5816 | D:6      | Noticed a +0 hand axe
  5840 | D:6      | Reached skill level 8 in Stealth
  5915 | D:6      | Found a staircase to the Ecumenical Temple.
  5921 | Temple   | Entered the Ecumenical Temple
  6566 | D:6      | Found a hide-covered altar of Uskayaw.
  6643 | D:6      | Reached XP level 9. HP: 54/54 MP: 9/9
  6666 | D:6      | Found a glowing silver altar of Zin.
  6666 | D:6      | Noticed an angel
  7362 | D:7      | Reached skill level 10 in Short Blades
  7900 | D:7      | Found a shimmering altar of Xom.
  8251 | D:8      | Found a sand-covered staircase.
  8258 | Ossuary  | Entered an ossuary
  8491 | Ossuary  | Reached XP level 10. HP: 53/59 MP: 10/10
  8612 | Ossuary  | Reached skill level 10 in Dodging
  8622 | Ossuary  | Reached skill level 1 in Evocations
  8761 | Ossuary  | Reached skill level 1 in Throwing
  9211 | D:8      | Found a white marble altar of Elyvilon.
  9403 | D:8      | Found a sparkling altar of Nemelex Xobeh.
  9442 | D:8      | Identified a scroll of acquirement
  9474 | D:8      | Acquired a manual of Fighting
  9533 | D:8      | Found a hazy altar of Hepliaklqana.
  9535 | D:8      | Found a blossoming altar of Fedhas.
  9608 | D:8      | Found a broken altar of Ashenzari.
  9612 | D:8      | Became a worshipper of Ashenzari the Shackled
 10019 | D:9      | Found a stormy altar of Qazlal.
 10213 | D:9      | Noticed a death yak
 10214 | D:9      | Noticed a death yak
 10335 | D:9      | Noticed a death yak
 10663 | D:10     | Entered Level 10 of the Dungeon
 10925 | D:10     | Reached skill level 10 in Fighting
 11109 | D:10     | Found a basalt altar of Yredelemnul.
 11265 | D:10     | Reached XP level 11. HP: 74/74 MP: 11/11
 11440 | D:10     | Noticed an eight-headed hydra
 11452 | D:10     | Killed an eight-headed hydra
 11779 | D:10     | Found a staircase to the Orcish Mines.
 11941 | D:5      | Killed Menkaure
 12199 | D:9      | Killed a death yak
 12281 | D:9      | Killed a death yak
 12434 | D:9      | Killed a death yak
 12728 | D:9      | Found a staircase to the Lair.
 12769 | D:9      | Reached * piety under Ashenzari
 12892 | D:9      | Reached skill level 5 in Armour
 13019 | D:9      | Noticed a two-headed ogre
 13037 | D:9      | Killed a two-headed ogre
 13038 | D:9      | Reached skill level 5 in Throwing
 13101 | Lair:1   | Entered Level 1 of the Lair of Beasts
 13204 | Lair:1   | Reached skill level 9 in Stealth
 13220 | Lair:1   | Reached XP level 12. HP: 57/85 MP: 12/12
 13361 | Lair:1   | Reached skill level 10 in Stealth
 13662 | Lair:1   | Learned a level 5 spell: Silence
 13711 | Lair:1   | Reached ** piety under Ashenzari
 13785 | Lair:1   | Noticed a deep troll
 15205 | Lair:2   | Noticed a five-headed hydra
 15209 | Lair:2   | Killed a five-headed hydra
 15453 | Lair:2   | Noticed an eight-headed hydra
 15460 | Lair:2   | Killed an eight-headed hydra
 15466 | Lair:2   | Reached *** piety under Ashenzari
 16010 | Lair:2   | Reached XP level 13. HP: 55/96 MP: 13/13
 16315 | Lair:3   | Noticed a seven-headed hydra
 16362 | Lair:3   | Reached **** piety under Ashenzari
 16883 | Lair:3   | Reached skill level 15 in Dodging
 16904 | Lair:3   | Reached skill level 11 in Stealth
 16913 | Lair:3   | Reached skill level 12 in Stealth
 16923 | Lair:3   | Killed a seven-headed hydra
 17126 | Lair:3   | Reached skill level 13 in Stealth
 17687 | Lair:3   | Found a staircase to the Snake Pit.
 17985 | Lair:4   | Noticed Snorg
 18790 | Lair:3   | Reached skill level 5 in Shields
 19323 | Lair:4   | Reached XP level 14. HP: 103/103 MP: 14/14
 19616 | Lair:4   | Reached skill level 14 in Stealth
 19961 | Lair:4   | Killed Snorg
 19998 | Lair:5   | Entered Level 5 of the Lair of Beasts
 20103 | Lair:5   | Reached skill level 15 in Stealth
 20425 | Lair:5   | Found a viscous altar of Jiyva.
 20527 | Lair:5   | Found a staircase to the Slime Pits.
 20985 | Lair:5   | Reached skill level 16 in Stealth
 21180 | Lair:5   | Reached skill level 17 in Stealth
 21445 | Lair:5   | Identified the staff of death "Yllag" {+Blink rN+}
 22055 | Lair:1   | Reached skill level 18 in Stealth
 22522 | D:11     | Found a portal to a secret trove of treasure.
 22654 | D:11     | Reached XP level 15. HP: 108/108 MP: 17/19
 22797 | D:11     | Reached skill level 1 in Spellcasting
 22797 | D:11     | Reached skill level 1 in Hexes
 22797 | D:11     | Reached skill level 1 in Air Magic
 23199 | D:12     | Noticed Rupert
 23204 | D:12     | Killed Rupert
 24493 | D:13     | Found a frozen archway.
 24520 | D:13     | Reached ***** piety under Ashenzari
 24534 | IceCv    | Entered an ice cave
 24934 | IceCv    | Noticed a reaper
 24936 | IceCv    | Killed a reaper
 26852 | D:14     | Reached XP level 16. HP: 112/112 MP: 26/26
 26926 | D:14     | Noticed Urug
 26938 | D:14     | Killed Urug
 26970 | D:14     | Found a gate to the Vaults.
 27186 | D:15     | Entered Level 15 of the Dungeon
 27622 | D:15     | Reached skill level 5 in Hexes
 27622 | D:15     | Reached skill level 5 in Air Magic
 28293 | D:15     | Found a staircase to the Depths.
 28804 | Orc:1    | Entered Level 1 of the Orcish Mines
 28804 | Orc:1    | Found a runed translucent gate.
 28804 | Orc:1    | Found a runed translucent gate.
 28804 | Orc:1    | Found a runed translucent gate.
 28928 | Orc:2    | Entered Level 2 of the Orcish Mines
 29213 | Orc:1    | Found Oneij's Gadget Gallery.
 29250 | Orc:1    | Bought a wand of roots (4) for 115 gold pieces
 29250 | Orc:1    | Bought a phial of floods for 480 gold pieces
 29250 | Orc:1    | Bought a wand of mindburst (2) for 33 gold pieces
 29250 | Orc:1    | Bought a wand of flame (9) for 75 gold pieces
 29411 | Orc:2    | Found a staircase to the Elven Halls.
 29563 | Orc:2    | Noticed Josephine
 29567 | Orc:2    | Killed Josephine
 29592 | Orc:2    | Noticed Nessos
 29619 | Orc:2    | Killed Nessos
 29710 | Orc:2    | Identified the +4 kite shield of the Hurricane {Str+5
                  | Stlth-}
 29710 | Orc:2    | Noticed Donald
 29734 | Orc:2    | Killed Donald
 30328 | Orc:2    | Found Qivicef's Weapon Shop.
 30331 | Orc:2    | Reached XP level 17. HP: 116/116 MP: 21/26
 30369 | Orc:2    | Found Ugou's Book Shoppe.
 30594 | Orc:2    | Noticed Azrael
 30601 | Orc:2    | Killed Azrael
 30704 | Orc:2    | Found Suepe's Jewellery Shop.
 30718 | Orc:2    | Found Buda Teofe's Assorted Antiques.
 30758 | Orc:2    | Bought a pair of runed boots for 187 gold pieces
 30763 | Orc:2    | Bought a copper ring for 125 gold pieces
 30763 | Orc:2    | Bought a potion of flight for 75 gold pieces
 30763 | Orc:2    | Bought a potion of might for 100 gold pieces
 30776 | Orc:2    | Bought a ring of protection from fire for 300 gold pieces
 31104 | Snake:1  | Entered Level 1 of the Snake Pit
 31399 | Snake:1  | Reached skill level 5 in Spellcasting
 31409 | Snake:1  | Identified the +0 short sword of Res Nullius {heavy, rC-
                  | MP+9 Str+6 Int+3}
 32014 | Snake:2  | Found Zewego's General Store.
 32027 | Snake:2  | Bought a potion of flight for 36 gold pieces
 32192 | Snake:2  | Reached skill level 10 in Hexes
 32192 | Snake:2  | Reached skill level 10 in Air Magic
 32338 | Snake:2  | Found Holexuabb's Assorted Antiques.
 32362 | Snake:2  | Bought a shiny cabochon ring for 150 gold pieces
 32393 | Snake:2  | Found Lazxutz's Armour Boutique.
 32404 | Snake:2  | Found Ycwis's Weapon Boutique.
 32978 | Snake:2  | Noticed Vashnia
 33209 | Snake:2  | Killed Vashnia
 33402 | Snake:3  | Found Lacyps's Jewellery Boutique.
 33763 | Snake:3  | Identified Sif Muna's Tome of the Gathering
 34161 | Snake:4  | Entered Level 4 of the Snake Pit
 34165 | Snake:4  | Reached XP level 18. HP: 125/125 MP: 26/32
 34529 | Snake:4  | Reached ****** piety under Ashenzari
 35543 | Snake:4  | Reached skill level 15 in Short Blades
 36204 | Snake:4  | Got a serpentine rune of Zot
 36380 | Snake:4  | Noticed Mlioglotl
 36476 | Snake:4  | Killed Mlioglotl
 36477 | Snake:4  | Reached skill level 19 in Stealth
 36833 | Shoals:1 | Entered Level 1 of the Shoals
 37071 | Shoals:1 | Reached skill level 20 in Stealth
 37189 | Shoals:1 | Identified the +9 dire flail "Tattletale" {holy, rC- Int+5
                  | Dex-4}
 37442 | Shoals:1 | Reached XP level 19. HP: 129/129 MP: 32/32
 38051 | Shoals:2 | Reached skill level 21 in Stealth
 38763 | Shoals:2 | Reached skill level 22 in Stealth
 38900 | Shoals:2 | Identified the +2 robe "Ygai" {Str+4 Dex+2 Slay-4}
 39259 | Shoals:3 | Noticed Louise
 39261 | Shoals:3 | Killed Louise
 39459 | Shoals:3 | Reached skill level 23 in Stealth
 39626 | Shoals:3 | Noticed Jorgrun
 39659 | Shoals:3 | Killed Jorgrun
 40343 | Shoals:4 | Entered Level 4 of the Shoals
 40378 | Shoals:4 | Reached skill level 24 in Stealth
 41346 | Shoals:4 | Paralysed by an air elemental for 1 turns
 41465 | Shoals:4 | Reached skill level 25 in Stealth
 41465 | Shoals:4 | Reached XP level 20. HP: 136/136 MP: 28/33
 41679 | Shoals:4 | Found a stormy altar of Qazlal.
 41801 | Shoals:4 | Paralysed by an air elemental for 1 turns
 43005 | Shoals:4 | Identified the scarf of Puzavap {shadows, Rampage Will+
                  | Stlth-}
 43064 | Shoals:4 | Identified the staff of air "Qajuefom" {rElec Str+3}
 43087 | Shoals:4 | Got a barnacled rune of Zot
 43340 | Elf:1    | Entered Level 1 of the Elven Halls
 44334 | Elf:1    | Found a shimmering blue altar of Sif Muna.
 44974 | Elf:2    | Reached XP level 21. HP: 139/139 MP: 29/34
 45003 | Elf:2    | Found a runed translucent gate.
 45003 | Elf:2    | Found a runed translucent gate.
 45003 | Elf:2    | Found a runed translucent gate.
 45205 | Elf:2    | Found a runed translucent gate.
 45205 | Elf:2    | Found a runed translucent gate.
 45206 | Elf:2    | Found a runed translucent gate.
 46031 | Elf:2    | Found a runed translucent gate.
 46031 | Elf:2    | Found a runed translucent gate.
 46031 | Elf:2    | Found a runed translucent gate.
 46068 | Elf:2    | Noticed Huol's ghost (adept FoFi)
 46072 | Elf:2    | Identified the +1 robe "Foal" {Str+2}
 46666 | Elf:2    | Killed Huol's ghost
 46776 | Elf:3    | Entered Level 3 of the Elven Halls
 47045 | Elf:3    | Identified the +7 mace "Zomiagac" {antimagic, Str+2}
 47563 | Elf:3    | Identified the staff of earth "Ryph" {Dex+6}
 47654 | Elf:3    | Identified the ring of Icav Vue {rElec rN+ Will+ Str+3}
 48139 | Elf:3    | Identified the amulet of Gypny {Spirit Int+2}
 48162 | Elf:3    | Found the +8 frozen axe "Frostbite" {freeze, freezing
                  | cloud, *Noise Fly rC+}
 48389 | Orc:1    | Noticed Tyihal's ghost (journeyman DrRe)
 48450 | Orc:1    | Killed Tyihal's ghost
 48471 | Orc:1    | Identified the ring "Moveps" {rF+ Dex+5}
 48471 | Orc:1    | Identified the +1 leather armour of the Crypt {-Cast +Inv
                  | Dex+6 Stlth+}
 48662 | Vaults:1 | Entered Level 1 of the Vaults
 48675 | Vaults:1 | Reached XP level 22. HP: 141/141 MP: 30/33
 49104 | Vaults:1 | Identified the ring "Quschiash" {+Blink Str+2 Dex+2 SInv}
 49369 | Vaults:1 | Found Enewkiedo's Jewellery Shoppe.
 49873 | Vaults:1 | Identified the +0 helmet of the Seven Wonders {-Cast rN+
                  | Regen+ Dex+3}
 50632 | Vaults:2 | Reached skill level 26 in Stealth
 52748 | Vaults:3 | Noticed Bai Suzhen
 52750 | Vaults:3 | Killed Bai Suzhen
 53134 | Vaults:3 | Found a staircase to the Crypt.
 53305 | Vaults:3 | Reached XP level 23. HP: 147/147 MP: 30/35
 53347 | Vaults:3 | Noticed a golden dragon
 53349 | Vaults:3 | Killed a golden dragon
 55457 | Crypt:1  | Entered Level 1 of the Crypt
 56605 | Crypt:1  | Reached XP level 24. HP: 152/152 MP: 31/35
 58317 | Crypt:3  | Entered Level 3 of the Crypt
 58578 | Crypt:3  | Noticed Margery
 58581 | Crypt:3  | Killed Margery
 58582 | Crypt:3  | Reached skill level 15 in Fighting
 59098 | Crypt:3  | Noticed Frederick
 59105 | Crypt:3  | Killed Frederick
 59216 | Crypt:3  | Noticed Xtahua
 59218 | Crypt:3  | Killed Xtahua
 59234 | Crypt:3  | Found a staircase to the Tomb.
 59296 | Crypt:3  | Identified the +2 leather armour of the Onion {rC+ rN++}
 59365 | Crypt:3  | Noticed a curse toe
 59376 | Crypt:3  | Killed a curse toe
 59631 | Crypt:3  | Noticed a curse toe
 59636 | Crypt:3  | Killed a curse toe
 59833 | Crypt:3  | Identified the +1 spear of Imbalance {elec, +Blink rElec
                  | Int+3 Dex+4}
 59885 | Crypt:3  | Noticed an ancient lich
 59968 | Crypt:3  | Killed an ancient lich
 60731 | Vaults:5 | Entered Level 5 of the Vaults
 61177 | Vaults:5 | Reached XP level 25. HP: 169/169 MP: 32/36
 61320 | Vaults:5 | Noticed an ancient lich
 61321 | Vaults:5 | Killed an ancient lich
 61760 | Vaults:5 | Identified the +1 plate armour "Tos Uppi" {rN+ Str-4 Int+3
                  | SInv}
 61763 | Vaults:5 | Identified the +5 shortbow of the Equinox {flame, rPois rC+
                  | Str+4}
 61763 | Vaults:5 | Identified the +2 short sword "Xaymaha" {spect, Str+3}
 61765 | Vaults:5 | Identified Orocuowo's Essays on Red-Hot Distance
 62319 | Vaults:5 | Identified the +1 great sword of the Gloaming {flame, Will+
                  | MP+9}
 62355 | Vaults:5 | Identified the ring "Ojobb" {rPois rF- rN+++ Str+3 Dex+2}
 62698 | Vaults:5 | Identified the +2 glaive of the Hurting Gods {drain, rPois
                  | Str+3 Dex+7}
 62730 | Vaults:5 | Identified the +0 ring mail of Tupuem {Fly Int+4}
 62907 | Vaults:5 | Noticed a dread lich
 62909 | Vaults:5 | Killed a dread lich
 63052 | Vaults:5 | Identified the staff of death "Jeyllire" {rC++ rN+ Dex+3}
 63761 | Vaults:5 | Identified the +0 plate armour "Micsurgh" {rPois rF+}
 63830 | Vaults:5 | Got a silver rune of Zot
 64507 | Depths:1 | Entered Level 1 of the Depths
 64544 | Depths:1 | Reached XP level 26. HP: 184/184 MP: 32/36
 64617 | Depths:1 | Found a gateway to Hell.
 64704 | Depths:1 | Noticed the Enchantress
 64705 | Depths:1 | Killed the Enchantress
 64923 | Depths:1 | Found a one-way gate to the infinite horrors of the Abyss.
 65054 | Depths:1 | Found Kuhidauj's Armour Shoppe.
 65398 | Depths:2 | Found a one-way gate leading to the halls of Pandemonium.
 65994 | Depths:2 | Found a runed translucent door.
 66032 | Depths:2 | Noticed Zujy's ghost (adept DsFi)
 66062 | Depths:2 | Killed Zujy's ghost
 66070 | Depths:2 | Acquired the +3 warlock's mirror {omnireflect}
 66070 | Depths:2 | Found the +3 warlock's mirror {omnireflect}
 66071 | Depths:2 | Acquired the +2 cloak of the Great Game {Rampage rElec rC+
                  | Stlth+}
 66080 | Depths:2 | Acquired a book of Misfortune
 66318 | Depths:2 | Noticed Sojobo
 66321 | Depths:2 | Killed Sojobo
 66869 | Depths:2 | Found the +4 robe of Augmentation {Str+4 Int+4 Dex+4}
 67332 | Depths:3 | Found a one-way gateway to a ziggurat.
 67389 | Depths:3 | Found Zomyal's Magic Scroll Boutique.
 67399 | Depths:3 | Bought a scroll of magic mapping for 127 gold pieces
 67399 | Depths:3 | Bought a scroll of fear for 68 gold pieces
 67666 | Depths:3 | Identified the +9 flail of Paguenani {heavy, rElec Will+
                  | SInv}
 67680 | Depths:3 | Identified the +5 demon trident "Waaps" {flame, +Blink rC+
                  | Str-5}
 68306 | Depths:4 | Entered Level 4 of the Depths
 68346 | Depths:4 | Found a snail-covered altar of Cheibriados.
 68815 | Depths:4 | Reached XP level 27. HP: 199/199 MP: 32/36
 69042 | Depths:4 | Found a gate to the Realm of Zot.
 70252 | Zot:1    | Entered Level 1 of the Realm of Zot
 70736 | Zot:1    | Found a transporter.
 70869 | Zot:1    | Reached skill level 10 in Armour
 71206 | Zot:1    | Found a transporter.
 71430 | Zot:2    | Reached skill level 10 in Shields
 71735 | Zot:2    | Noticed a Killer Klown
 71749 | Zot:2    | Killed a Killer Klown
 71980 | Zot:2    | Noticed an orb of fire
 71990 | Zot:2    | Gained mutation: You occasionally shout uncontrollably at
                  | your foes. [an orb of fire]
 72009 | Zot:2    | Killed an orb of fire
 72523 | Zot:2    | Noticed Grunn
 72597 | Zot:2    | Noticed an orb of fire
 72598 | Zot:2    | Killed Grunn
 72604 | Zot:2    | Gained mutation: You are occasionally teleported next to
                  | monsters. [an orb of fire]
 72613 | Zot:2    | Gained mutation: Potions are less effective at restoring
                  | your health. [an orb of fire]
 72623 | Zot:2    | Gained mutation: You frequently scream uncontrollably at
                  | your foes. [an orb of fire]
 72629 | Zot:2    | Lost mutation: Potions are less effective at restoring your
                  | health. [an orb of fire]
 72646 | Zot:2    | Killed an orb of fire
 72648 | Zot:2    | Lost mutation: You frequently scream uncontrollably at your
                  | foes. [potion of mutation]
 72648 | Zot:2    | Lost mutation: You occasionally shout uncontrollably at
                  | your foes. [potion of mutation]
 72648 | Zot:2    | Gained mutation: You are partially covered in iridescent
                  | scales. (AC +2) [potion of mutation]
 72648 | Zot:2    | Gained mutation: Your muscles are strong. (Str +4, Int/Dex
                  | -1) [potion of mutation]
 72648 | Zot:2    | Gained mutation: You have sharp fingernails. [potion of
                  | mutation]
 72649 | Zot:2    | Lost mutation: Your muscles are strong. (Str +4, Int/Dex
                  | -1) [potion of mutation]
 72649 | Zot:2    | Lost mutation: You are occasionally teleported next to
                  | monsters. [potion of mutation]
 72649 | Zot:2    | Lost mutation: You are partially covered in iridescent
                  | scales. (AC +2) [potion of mutation]
 72649 | Zot:2    | Gained mutation: Your natural rate of healing is unusually
                  | fast. [potion of mutation]
 76198 | Zot:5    | Entered Level 5 of the Realm of Zot
 77327 | Zot:5    | Noticed a Killer Klown
 77340 | Zot:5    | Killed a Killer Klown
 77433 | Zot:5    | Noticed an orb of fire
 77589 | Zot:5    | Noticed an orb of fire
 77605 | Zot:5    | Gained mutation: Your body sometimes deteriorates upon
                  | taking damage. [an orb of fire]
 77610 | Zot:5    | Killed an orb of fire
 77618 | Zot:5    | Gained mutation: You are partially covered in iridescent
                  | scales. (AC +2) [an orb of fire]
 77622 | Zot:5    | Gained mutation: Your magical capacity is low. (-10% MP)
                  | [an orb of fire]
 77633 | Zot:5    | Killed an orb of fire
 77646 | Zot:5    | Noticed an orb of fire
 77647 | Zot:5    | Gained mutation: You are robust. (+10% HP) [an orb of fire]
 77660 | Zot:5    | Gained mutation: You are clumsy. (Dex -2) [an orb of fire]
 77661 | Zot:5    | Killed an orb of fire
 77666 | Zot:5    | Noticed an orb of fire
 77699 | Zot:5    | Lost mutation: You are robust. (+10% HP) [an orb of fire]
 77707 | Zot:5    | Gained mutation: You are weak. (Str -2) [an orb of fire]
 77716 | Zot:5    | Gained mutation: You are frail. (-10% HP) [an orb of fire]
 77720 | Zot:5    | Gained mutation: Your magical capacity is very low. (-20%
                  | MP) [an orb of fire]
 77725 | Zot:5    | Killed an orb of fire
 77727 | Zot:5    | Noticed an orb of fire
 77766 | Zot:5    | Killed an orb of fire
 78355 | Zot:5    | Lost mutation: You have sharp fingernails. [potion of
                  | mutation]
 78355 | Zot:5    | Lost mutation: Your magical capacity is very low. (-20% MP)
                  | [potion of mutation]
 78355 | Zot:5    | Lost mutation: You are frail. (-10% HP) [potion of
                  | mutation]
 78355 | Zot:5    | Lost mutation: Your body sometimes deteriorates upon taking
                  | damage. [potion of mutation]
 78355 | Zot:5    | Gained mutation: You are strong-willed. (Will+) [potion of
                  | mutation]
 78371 | Zot:5    | Got the Orb of Zot
 78929 | D:$      | Escaped with the Orb!

Illustrated notes

Levels and vault maps discovered:
D:1:      nicolae_arrival_kraken_aquarium_b, layout_loops_corners
D:2:      layout_basic, basic_altar, shapermc_ecumenical_altar_mp_urbaneastern,
          grunt_decor_one_mirror, uniq_jessica
D:3:      layout_loops_ring, okawaru_trees_2, lemuel_tele_altar,
          nicolae_overflow_crystal_walls, gup_sewer_entry_glass,
          lexackson_kobold_supper, uniq_robin
D:4:      layout_cave_pods, serial_column_ruins, column_ruins_pillar_6,
          column_ruins_pillar_12, column_ruins_pillar_1, column_ruins_pillar_2,
          column_ruins_pillar_4, column_ruins_pillar_1, column_ruins_pillar_1,
          column_ruins_pillar_9, column_ruins_pillar_1, column_ruins_pillar_12,
          column_ruins_pillar_9, column_ruins_pillar_1, column_ruins_pillar_5,
          column_ruins_pillar_1, column_ruins_pillar_7, column_ruins_pillar_7,
          column_ruins_pillar_1, column_ruins_pillar_6
D:5:      layout_loops_cross, minivault_1, uniq_menkaure
D:6:      layout_layer_cave, dancing_weapons_uskayaw, zin_angel,
          minmay_temple_entry_statues, serial_bayou_pond_b
D:7:      layout_rooms, tgw_xom, grunt_decor_cap
D:8:      layout_cave_pods, nicolae_ashenzari_skybound,
          overflow_temple_1_default, kennysheep_mini_moat, minitemple,
          enter_ossuary_1, minmay_holes, kennysheep_generic_room_15
D:9:      layout_basic, mainiacjoe_overflow_six_doors_small, dpeg_lair_monsters,
          minivault_25_ag, centaur_isle
D:10:     layout_roguey, yredelemnul_altar_generic, orc_0_dummy,
          serial_bayou_ford_a
D:11:     layout_loops_cross, nicolae_trove_entry_columns
D:12:     wad_bat_island, layout_irregular_city, uniq_rupert
D:13:     layout_roguey, portal_ice_cave_entry_pillars_1
D:14:     layout_basic, david_vaults_3
D:15:     hangedman_depths_entry_try_elsewhere_first, layout_long_grid,
          serial_bayou_pond_c
Temple:   nicolae_temple_figure_zero
Lair:1:   dreamdust_cave_troll, layout_regular_city, grunt_megastairs_3
Lair:2:   layout_small_grid, nicolae_shoals_entry_flooding, uniq_urug
Lair:3:   layout_layer_cave, nicolae_snake_entry_squirm
Lair:4:   layout_roguey, chequers_serial_rivers_small_a, wad_woods_river_01,
          uniq_snorg
Lair:5:   evilmike_catoblepas_cave, layout_layer_cave,
          nicolae_slime_entry_field_trip
Shoals:1: layout_shoals, kb_tengu_band
Shoals:2: layout_shoals, nicolae_shoals_siren_and_animal_friends
Shoals:3: layout_shoals, uniq_louise, uniq_jorgrun
Shoals:4: shoals_end_hellmonk_storm_palace [storm_palace_center_ruins,
          storm_palace_corner_blocked, storm_palace_corner_altar,
          storm_palace_corner_narrow, storm_palace_corner_narrow]
Snake:1:  layout_onion_interference, serial_bayou_shore_a
Snake:2:  layout_grid_shapes, serial_shops, shop, nicolae_diamond_shop,
          nicolae_shop_dealshenge, shop, nicolae_snake_biting_tails,
          serial_bayou_shore_b, uniq_vashnia
Snake:3:  layout_misc_corridors, minmay_shop_star, grunt_megastairs_5,
          serial_bayou_shore_b
Snake:4:  snake_pit, layout_layer_cave, uniq_mlioglotl
Orc:1:    layout_caves, biasface_ghost_orc_armoury, nicolae_shop_gadgets
Orc:2:    st_orc_town, layout_caves, library_closet, uniq_azrael, uniq_nessos,
          uniq_donald, uniq_josephine
Elf:1:    eino_elf_arrival_the_gate, layout_rooms,
          hangedman_elven_crosses_minicolossus, david_defended_altar_elf
Elf:2:    nicolae_elf_blades_splatter_lattice
          [nicolae_vaults_blade_armed_guards], layout_geoelf_grid,
          ploomutoo_gammafunk_ghost_potion_laboratory, drop_trap,
          grunt_ministairs_14
Elf:3:    grunt_elf_hall_asides, layout_geoelf_diagonals
Vaults:1: nicolae_vaults_steering_wheel, dpeg_vaults_monster_row,
          nicolae_vaults_wrenched, nicolae_vaults_trapezoid_3,
          dpeg_vaults_hating_casters, nicolae_vaults_big_angled_halls,
          nicolae_vaults_three_branches, ontoclasm_vaults_bender,
          nicolae_vaults_closet_pinwheel_3, v_misc_33, vaults_room_semicircle,
          nicolae_vaults_shelves_hall, vaults_dpeg_ring,
          layout_vaults_maze_snakey, serial_shops, nicolae_shop_tiny_glass
Vaults:2: vaults_room_guarded_vault, nicolae_vaults_house_3,
          nicolae_vaults_storage_closets_3, hangedman_vaults_maws,
          ontoclasm_vaults_decontamination, nicolae_vaults_tetromino_L_1,
          nicolae_vaults_storage_room_doors, v_misc_14,
          nicolae_vaults_sesquioval_fish, vaults_dpeg_encased_lava,
          vaults_room_pools, layout_vaults_quadrants
Vaults:3: grunt_vaults_trifunnel, ontoclasm_vaults_misaligned,
          nicolae_vaults_double_plus_1, minmay_crypt_entry_simple_walls,
          vaults_mumra_hex, v_misc_33, nicolae_vaults_little_squares_5,
          v_pattern_3, nicolae_vaults_closet_pinwheel_4,
          hangedman_vaults_stretched_pinwheel,
          nicolae_vaults_variable_pillar_hall, nicolae_vaults_surprise_closet,
          layout_vaults_big_room, uniq_bai_suzhen
Vaults:4: nicolae_vaults_mitosis, nicolae_vaults_sightless_eye,
          nicolae_vaults_little_squares_1, nicolae_vaults_tetromino_L_2,
          hangedman_vaults_variations, vaults_mumra_lcd,
          hangedman_vaults_slither, vaults_mumra_hexcomb, v_misc_14,
          ontoclasm_vaults_misaligned, grunt_vaults_funnel,
          ontoclasm_vaults_pinch, nicolae_vaults_house_3,
          nicolae_vaults_tetromino_Z_1, nicolae_vaults_tetromino_L_1,
          layout_vaults_ring
Vaults:5: serial_shops
Crypt:1:  layout_gridlike, corexii_leaking_fountain, minivault_26, uniq_mennas
Crypt:2:  layout_catacombs, item_on_display_b
Crypt:3:  david_glass_crypt, layout_chaotic_city,
          nicolae_tomb_entry_rubble_hallway, uniq_margery, uniq_frederick,
          uniq_xtahua
Depths:1: layout_small_grid, abyss_entry, grunt_hell_horde, serial_shops,
          nicolae_shop_waterfront, kennysheep_small_square, uniq_enchantress
Depths:2: hangedman_cross_cluster, layout_gridville, hell_entry,
          hellmonk_ghost_happy_afterlife, rand_demon_pan_entry_9,
          minmay_crystal_room, abyss_entry, serial_sigils_hangedman_shear,
          firewood_loft, uniq_sojobo
Depths:3: wad_lake_hut, layout_cave_shapes, enter_ziggurat_a,
          chequers_serial_rivers_large_b, hellmouth_1, serial_shops, shop,
          hangedman_abyss_entry_splay
Depths:4: evilmike_zot_entry_hall, layout_basic, cheibriados_altar_1,
          abyss_entry, grunt_hell_entry_dis_old, roderic_lattice_octagonal_star
Zot:1:    layout_onion_interference, nzn_ghost_randoct
Zot:2:    layout_misc_corridors, grunt_ministairs_15, lemuel_lake_of_fire,
          grunt_megastairs_1, uniq_josephina, uniq_grunn
Zot:3:    layout_misc_corridors
Zot:4:    layout_cathedral_of_symmetry, zot_minivault_7
Zot:5:    layout_misc_corridors, drop_trap, st_stairs_14

Skill      XL: |  1  2  3  4  5  6  7  8  9 10 11 12 13 14 15 16 17 18 19 20 21 22 23 24 25 26 27 |
---------------+----------------------------------------------------------------------------------+-----
Short Blades   | 3 4 6 9 10 12 14 16 21 25 | 25.8
Stealth        | 1 2 3 4 5 8 9 10 13 18 20 25 26 | 26.0
Dodging        | 2 3 4 5 9 10 13 15 18 22 24 25 | 25.5
Fighting       | 5 11 14 17 21 24 25 | 25.6
Evocations     | 3 |  3.3
Throwing       | 4 6 |  6.2
Armour         | 5 14 | 14.6
Shields        | 5 8 9 14 | 14.3
Spellcasting   | 4 6 |  6.0
Hexes          | 4 8 11 12 | 12.0
Air Magic      | 4 8 11 12 | 12.0

Action                     |  1- 3 |  4- 6 |  7- 9 | 10-12 | 13-15 | 16-18 | 19-21 | 22-24 | 25-27 || total
---------------------------+-------+-------+-------+-------+-------+-------+-------+-------+-------++-------
  Melee: Rapier            |   101 |   255 |     1 |     6 |   796 |  2084 |  1575 |  1713 |  2962 ||  9493
         Dagger            |       |       |   354 |   809 |   443 |       |       |       |       ||  1606
  Throw: Boomerang         |     1 |     1 |       |    18 |       |       |       |       |       ||    20
         Dart              |       |       |       |       |     8 |    38 |    41 |     3 |    30 ||   120
         Throwing net      |       |       |       |       |       |     1 |     2 |     6 |     1 ||    10
   Cast: Silence           |       |       |       |       |     1 |    66 |   158 |   123 |   221 ||   569
 Invoke: Curse Item        |       |       |       |     5 |     4 |     5 |       |     3 |     3 ||    20
         Shatter the Chain |       |       |       |       |     1 |     3 |     3 |     1 |     2 ||    10
  Evoke: Wand              |       |       |       |     2 |     4 |     7 |       |     1 |     6 ||    20
         Box of beasts     |       |       |       |       |       |     1 |       |       |       ||     1
         Phantom mirror    |       |       |       |       |       |       |       |       |     2 ||     2
    Use: Scroll            |     2 |     3 |     2 |    13 |     4 |     5 |     1 |    14 |    11 ||    55
         Potion            |     1 |     2 |     2 |    11 |     3 |     7 |     2 |     3 |    25 ||    56
   Stab: Sleeping          |     4 |     5 |    19 |    37 |    92 |    91 |   206 |   273 |   332 ||  1059
         Distracted        |       |     1 |     2 |     3 |     3 |    18 |     4 |    12 |    16 ||    59
         Invisible         |       |       |       |     4 |    13 |       |     8 |       |    26 ||    51
         Held in net/web   |       |       |       |       |       |     2 |     1 |     5 |     2 ||    10
 Armour: Scale mail        |    26 |    82 |    52 |    75 |    26 |       |       |       |       ||   261
         Troll leather arm |       |       |       |       |    64 |   121 |    94 |    65 |       ||   344
         Acid dragon scale |       |       |       |       |       |       |       |     9 |   220 ||   229
  Dodge: Dodged            |    34 |   180 |   119 |   263 |   423 |   778 |   384 |   438 |  1164 ||  3783
  Block: Buckler           |    23 |    75 |    43 |   230 |   323 |   492 |       |       |       ||  1186
         Reflection        |       |       |       |    20 |     5 |   129 |    36 |    10 |     7 ||   207
         Kite shield       |       |       |       |       |       |   727 |   972 |  1004 |  1933 ||  4636
